 Dungeon Sprint DCSS version 0.29-a0-364-g921d912d32 (webtiles) character file.

Game seed: 17456700477929964806

42 mhtbhm the Skirmisher (level 3, 0/26 HPs)
             Began as a Kobold Berserker on Apr 30, 2022.
             Was a Believer of Trog.
             Slain by a human (4 damage)
             ... in the Dungeon (Sprint III: "The Ten Rune Challenge").
             The game lasted 00:00:38 (443 turns).

mhtbhm the Skirmisher (Kobold Berserker)             Turns: 443, Time: 00:00:38

Health: 0/26       AC:  2    Str: 16    XL:     3   Next: 80%
Magic:  3/3        EV: 15    Int:  8    God:    Trog [**....]
Gold:   0          SH:  0    Dex: 14    Spells: 2/2 levels left

rFire   . . .      SeeInvis .   a - +0 hand axe
rCold   . . .      Faith    .   (no shield)
rNeg    . . .      Spirit   .   b - +0 robe
rPois   .          Reflect  .   (no helmet)
rElec   .          Harm     .   (no cloak)
rCorr   .          Rampage  .   (no gloves)
Will    .....      NoTele   +   (no boots)
Stlth   +++.......              (no amulet)
HPRegen 0.08/turn               (no ring)
MPRegen 0.08/turn               (no ring)

@: on berserk cooldown, slowed, very slow
A: small, no large weapons, nightstalker 3
a: Renounce Religion, Berserk, Trog's Hand


You were in the Dungeon.
You worshipped Trog.
Trog was pleased with you.
You visited 1 branch

Inventory:

Hand Weapons
 a - a +0 hand axe (weapon)
Armour
 b - a +0 robe (worn)
Scrolls
 h - a scroll of blinking
 i - a scroll of fog {unknown}
Potions
 c - a potion of curing
 d - a potion of heal wounds
 e - a potion of haste
 f - 2 potions of magic
 g - a potion of berserk rage


   Skills:
 + Level 5.4 Fighting
 + Level 4.3 Axes
 + Level 2.3 Armour
 + Level 3.5 Dodging
 + Level 0.9 Stealth


You had 2 spell levels left.
You didn't know any spells.
Your spell library was empty.

Dungeon Overview and Level Annotations

Branches:
Dungeon (1/1)

Altars:


Innate Abilities, Weirdness & Mutations

You are small and have problems with some larger weapons.
You are completely attuned to the shadows.


Message History

The human is moderately wounded.
The human barely misses you.
You barely miss the human.
The human is moderately wounded.
The human closely misses you.
You miss the human.
The human is moderately wounded.
You slash the human!
The human is heavily wounded.
The human closely misses you.
You slash the human!
The human is almost dead.
The human hits you.
You are too injured to fight recklessly!
You are too injured to fight recklessly!
You are too injured to fight recklessly!
You are too injured to fight recklessly!
You are too injured to fight recklessly!
You are too injured to fight recklessly!
You are too injured to fight recklessly!
You are too injured to fight recklessly!
You are too injured to fight recklessly!
You are too injured to fight recklessly!
You are too injured to fight recklessly!
You are too injured to fight recklessly!
You are too injured to fight recklessly!
You barely miss the human.
The human is almost dead.
You are no longer berserk.
You are exhausted.
You feel yourself slow down. The human barely misses you.
You miss the human.
The human is almost dead.
The human closely misses you.
You miss the human.
The human is almost dead.
The human hits you!
* * * LOW HITPOINT WARNING * * *
The human hits you.
You die...

▓...#......##
▓..##.....[.#
▓##.##.##...#
##.##.###..#
▓#.####.##..# ...
▓.###..##.†## #...
▓#.....##..###....
###..##...##p....
##..##....#.@†...
#..###..##.#.....
#).# #.. ####....
▓▓▓▓ ▓▓ ▓▓▓▓


You could see a human.

Vanquished Creatures
  Jessica (D)
  A wolf (D)
  An endoplasm (D)
  2 rats (D)
5 creatures vanquished.

Notes
Turn   | Place    | Note
-------+----------+-------------------------------------------
     0 | D        | mhtbhm the Kobold Berserker began the quest for the Orb.
     0 | D        | Reached XP level 1. HP: 14/14 MP: 1/1
   224 | D        | Noticed Jessica
   229 | D        | Killed Jessica
   229 | D        | Reached ** piety under Trog
   230 | D        | Reached skill level 5 in Fighting
   230 | D        | Reached XP level 2. HP: 17/21 MP: 2/2
   230 | D        | Reached XP level 3. HP: 21/26 MP: 3/3
   443 | D        | Slain by a human

Illustrated notes

Levels and vault maps discovered:
D:        dungeon_sprint_mu [sprint_mu_entry_cave, sprint_mu_temple_rooms,
          sprint_mu_d1_spiders, sprint_mu_d2_genie, sprint_mu_d3_branching,
          sprint_mu_orc_legion, sprint_mu_elf_gauntlet, sprint_mu_hive_nellie,
          sprint_mu_lair_fedhas, sprint_mu_vaults_butterflies,
          sprint_mu_slime_circle, sprint_mu_shoals_archi,
          sprint_mu_snake_twists, sprint_mu_blade_basic, sprint_mu_crypt_lich,
          sprint_mu_tomb_spiral, sprint_mu_vestibule_basic,
          sprint_mu_gehenna_hellfire, sprint_mu_dis_giant,
          sprint_mu_tartarus_statrot, sprint_mu_cocytus_islands, sprint_mu_zot1]

Skill      XL: |  1 |
---------------+----+-----
Fighting       | 5 |  5.4
Axes           | 4 |  4.3
Armour         | 2 |  2.3
Dodging        | 3 |  3.5
Stealth        | |  0.9

Action                   || total
-------------------------++-------
Melee: Hand axe          ||    22
Invok: Berserk           ||     3
 Stab: Sleeping          ||     1
Dodge: Dodged            ||    13

Table legend: (Time is in decaauts)
 A = Elapsed time spent in this place.
 B = Non-inter-level travel time spent in this place.
 C = Inter-level travel time spent in this place.
 D = Time resting spent in this place.
 E = Time spent auto-exploring this place.
 F = Levels seen in this place.
 G = Mean time per level.
                   A        B        C        D        E       F      G
               +--------+--------+--------+--------+--------+-----+--------+
         Total |    464 |    464 |      0 |    315 |     76 |   1 |  464.0 |
       Dungeon |    464 |    464 |      0 |    315 |     76 |   1 |  464.0 |
               +--------+--------+--------+--------+--------+-----+--------+

Top non-repeatable levels by time:
       D: 464 daAuts
